 Dungeon Crawl Stone Soup version 0.29-a0-375-g5102b3be25 (webtiles) character file.

Game seed: 2254454849301491830

165 HendSelp the Poker (level 5, -5/41 HPs)
             Began as a Ghoul Gladiator on May 3, 2022.
             Splashed by a jelly's acid (6 damage)
             ... on level 4 of the Dungeon.
             The game lasted 00:02:32 (1659 turns).

HendSelp the Poker (Ghoul Gladiator)                Turns: 1659, Time: 00:02:33

Health: -5/41      AC:  0    Str: 20    XL:     5   Next: 46%
Magic:  4/4        EV: 12    Int:  3    God:
Gold:   29         SH:  0    Dex: 10    Spells: 4/4 levels left

rFire   . . .      SeeInvis .   a - +0 trident
rCold   + . .      Faith    .   (no shield)
rNeg    + + +      Spirit   .   b - +0 leather armour
rPois   ∞          Reflect  .   c - +0 helmet
rElec   .          Harm     .   (no cloak)
rCorr   .          Rampage  .   (no gloves)
Will    .....                   (no boots)
Stlth   +.........              (no amulet)
HPRegen 0.00/turn               (no ring)
MPRegen 0.09/turn               (no ring)

@: corroded, inhibited regen
A: claws 1, cold resistance 1, negative energy resistance 3, inhibited
regeneration, torment resistance 2, devour on kill
a: no special abilities


You were on level 4 of the Dungeon.
You visited 1 branch of the dungeon, and saw 3 of its levels.

You collected 29 gold pieces.

Inventory:

Hand Weapons
 a - a +0 trident (weapon)
Missiles
 d - 3 throwing nets (quivered)
 e - a javelin
Armour
 b - a +0 leather armour (worn)
 c - a +0 helmet (worn)
Scrolls
 k - a scroll of blinking {unknown}
 l - a scroll of enchant weapon {unknown}
Potions
 f - a potion of lignification {unknown}
 g - 2 potions of ambrosia
 h - a potion of haste {unknown}
 i - a potion of flight {unknown}
 j - a potion of curing {unknown}


   Skills:
 - Level 2.1 Fighting
 + Level 5.4 Polearms
 - Level 1.7 Throwing
 - Level 2.6 Dodging


You had 4 spell levels left.
You didn't know any spells.
Your spell library contained the following spells:

 Spells                   Type           Power      Damage    Failure   Level
 Sandblast                Erth           0%         2d4       58%         1
 Corpse Rot               Necr/Air       0%         N/A       73%         2
 Passwall                 Tmut/Erth      0%         N/A       73%         2
 Stone Arrow              Conj/Erth      0%         3d7       91%         3
 Summon Mana Viper        Hex/Summ       0%         N/A       100%        5
 Borgnjor's Revivificati  Necr           Unusable   N/A       N/A         8

Dungeon Overview and Level Annotations

Branches:
Dungeon (2/15)

Altars:
Qazlal

Shops:
D:1 *


Innate Abilities, Weirdness & Mutations

You are immune to poison.
You have sharp fingernails.
Your flesh is cold resistant. (rC+)
You are immune to negative energy. (rN+++)
You do not regenerate when monsters are visible.
You are immune to unholy pain and torment.
You thrive by killing the living.


Message History

A jelly comes into view.
The jelly quivers.
Found a scroll labelled XEV NENIECLOD.
The jelly jiggles.
There is an open door here.
A jelly is nearby!
A jelly is nearby!
A jelly is nearby!
You reach to attack!
You barely miss the jelly. You hit the jelly but do no damage.
Your claws burn!
The jelly barely misses you.
Unknown command.
You hit the jelly. The acid corrodes you!
Your claws burn!
The jelly is lightly wounded.
The jelly closely misses you.
A jelly is nearby!
You barely miss the jelly. You claw the jelly, but do no damage.
The jelly is lightly wounded.
The jelly hits you.
You are splashed with acid!
Unknown command.
A jelly is nearby!
You hit the jelly.
Your claws burn!
The jelly is moderately wounded.
The jelly hits you. The acid corrodes you!
You are splashed with acid!
* * * LOW HITPOINT WARNING * * *
Unknown command.
A jelly is nearby!
You are too injured to fight recklessly!
Unknown command.
You are too injured to fight recklessly!
A jelly is nearby!
Unknown command.
You are too injured to fight recklessly!
You hit the jelly but do no damage.
Your claws burn!
* * * LOW HITPOINT WARNING * * *
The jelly is moderately wounded.
The jelly hits you.
* * * LOW HITPOINT WARNING * * *
You are splashed with acid.
You die...

#..#.###..########
..###...##
..........#
.#####...## ##.##
#.# #.# ##'##
#.@.# #..J..#
#....?..#
#.........#
+.........+
#.........#
##.......##
##.....##


You could see a jelly.

Vanquished Creatures
  A necrophage (D:4)
  A howler monkey (D:4)
  A hound (D:4)
  An adder (D:4)
  An orc (D:4)
  3 ball pythons
  3 bats (D:1)
  2 giant cockroaches (D:1)
  3 goblins
  4 hobgoblins (D:1)
  3 jackals (D:1)
  3 frilled lizards (D:1)
  3 kobolds
  3 rats (D:1)
32 creatures vanquished.

Notes
Turn   | Place    | Note
-------+----------+-------------------------------------------
     0 | D:1      | HendSelp the Ghoul Gladiator began the quest for the Orb.
     0 | D:1      | Reached XP level 1. HP: 17/17 MP: 0/0
    67 | D:1      | Found Campot Goos's Assorted Antiques.
   223 | D:1      | Reached skill level 3 in Polearms
   266 | D:1      | Reached XP level 2. HP: 24/24 MP: 1/1
   490 | D:1      | Got Sif Muna's Almanac of Dark Secrets and Beguiling
   534 | D:1      | Reached XP level 3. HP: 29/29 MP: 2/2
   907 | D:2      | You fall into a shaft and drop 2 floors!
  1005 | D:4      | Reached skill level 4 in Polearms
  1005 | D:4      | Reached XP level 4. HP: 22/36 MP: 3/3
  1248 | D:4      | Noticed an air elemental
  1250 | D:4      | Found a stormy altar of Qazlal.
  1251 | D:4      | Noticed an earth elemental
  1251 | D:4      | Noticed a water elemental
  1251 | D:4      | Noticed a fire elemental
  1269 | D:4      | Noticed a necrophage
  1282 | D:4      | Killed a necrophage
  1283 | D:4      | Reached skill level 5 in Polearms
  1283 | D:4      | Reached XP level 5. HP: 8/41 MP: 4/4
  1659 | D:4      | HP: 1/41 [jelly (2)]
  1659 | D:4      | Splashed by a jelly's acid

Illustrated notes

Levels and vault maps discovered:
D:1:      onia_arrival_mini_maze, layout_rooms, serial_shops,
          nicolae_shop_overgrown_old_shop
D:2:      layout_loops_corners, basic_altar,
          hellmonk_ecumenical_altar_heavens_door
D:4:      layout_loops_corners, nicolae_qazlal_style_of_elements

Skill      XL: |  1  2  3  4 |
---------------+-------------+-----
Polearms       | 3 4 5 |  5.4
Fighting       | |  2.1
Throwing       | |  1.7
Dodging        | |  2.6

Action                   |  1- 3 |  4- 6 || total
-------------------------+-------+-------++-------
Melee: Trident           |    85 |    35 ||   120
       Punch             |     1 |     1 ||     2
  Use: Scroll            |     1 |     1 ||     2
Armor: Leather armour    |    22 |     4 ||    26
Dodge: Dodged            |    69 |    17 ||    86

Table legend: (Time is in decaauts)
 A = Elapsed time spent in this place.
 B = Non-inter-level travel time spent in this place.
 C = Inter-level travel time spent in this place.
 D = Time resting spent in this place.
 E = Time spent auto-exploring this place.
 F = Levels seen in this place.
 G = Mean time per level.
                   A        B        C        D        E       F      G
               +--------+--------+--------+--------+--------+-----+--------+
         Total |   1671 |   1598 |     73 |      0 |   1329 |   3 |  557.0 |
       Dungeon |   1671 |   1598 |     73 |      0 |   1329 |   3 |  557.0 |
               +--------+--------+--------+--------+--------+-----+--------+

Top non-repeatable levels by time:
     D:1: 878 daAuts
     D:4: 755 daAuts
     D:2: 37 daAuts
